 Dungeon Crawl Stone Soup version 0.26.1-2-gb8aa6d0cf2 (webtiles) character file.

Game seed: 1387886549884750353

238 Almogavar the Shield-Bearer (level 6, 0/38 HPs)
             Began as a Gargoyle Fighter on Mar 30, 2021.
             Slain by a hound (4 damage)
             ... on level 3 of the Dungeon.
             The game lasted 00:04:45 (2776 turns).

Almogavar the Shield-Bearer (Gargoyle Fighter)      Turns: 2776, Time: 00:04:46

Health: 0/38       AC: 11    Str: 21    XL:     6   Next: 7%
Magic:  6/6        EV:  7    Int:  9    God:
Gold:   238        SH:  9    Dex:  9    Spells: 5/5 levels left

rFire    . . .     SeeInvis .   a - +0 flail
rCold    . . .     Faith    .   c - +0 kite shield
rNeg     + . .     Spirit   .   b - +0 scale mail
rPois    ∞         Reflect  .   (no helmet)
rElec    +         Harm     .   (no cloak)
rCorr    .         Rampage  .   (no gloves)
Will     .....                  (no boots)
Stlth    ..........             (no amulet)
HPRegen  0.12/turn              (no ring)
MPRegen  0.10/turn              (no ring)

@: mighty
A: negative energy resistance 1, electricity resistance, unbreathing,
petrification resistance, miasma immunity, AC +4
a: no special abilities


You were on level 3 of the Dungeon.
You visited 1 branch of the dungeon, and saw 3 of its levels.

You collected 238 gold pieces.

Inventory:

Hand Weapons
 a - a +0 flail (weapon)
Armour
 b - a +0 scale mail (worn)
 c - a +0 kite shield (worn)
Scrolls
 g - 2 scrolls of blinking
 k - 4 scrolls of teleportation {unknown}
 l - 2 scrolls of remove curse {unknown}
 n - a scroll of noise {unknown}
Potions
 d - 2 potions of might
 e - a potion of mutation
 f - 2 potions of ambrosia
 h - a potion of invisibility {unknown}
 i - a potion of cancellation
 j - a potion of attraction {unknown}
 m - a potion of curing {unknown}


   Skills:
 + Level 4.1 Fighting
 + Level 4.3 Maces & Flails
 + Level 4.1 Armour
 + Level 4.5 Shields


You had 5 spell levels left.
You didn't know any spells.
Your spell library was empty.

Dungeon Overview and Level Annotations

Branches:
Dungeon (3/15)

Altars:
Trog

Annotations:
D:3 Ijyb


Innate Abilities, Weirdness & Mutations

You are resistant to torment.
Your stone body is resilient. (AC +4)
You are immune to poison.
You resist negative energy. (rN+)
You are resistant to electric shocks. (rElec)
You can survive without breathing.
You are immune to petrification.
You are immune to miasma.


Message History

The hound bites you but does no damage. The hound bites you.
* * * LOW HITPOINT WARNING * * *
You block the kobold's attack. Ijyb hits you but does no damage.
You feel very mighty all of a sudden. You block the hound's attack.
The kobold barely misses you. You block Ijyb's attack.
The hound bites you but does no damage.
You barely miss Ijyb.
Ijyb is severely wounded.
The hound barely misses you. The kobold hits you but does no damage.
Ijyb hits you but does no damage. You block the hound's attack.
You closely miss Ijyb.
Ijyb is severely wounded.
The kobold hits you but does no damage. The hound bites you.
* * * LOW HITPOINT WARNING * * *
Ijyb barely misses you. The kobold hits you but does no damage.
The hound bites you but does no damage. Ijyb hits you but does no damage.
You hit Ijyb.
Ijyb is almost dead.
The hound bites you.
You die...

..# #.# .########
#.# ........# #.#
...†....# #.#
.#####..# #.#
.#####..####.#####
...............K.###
######..########@..#
# ##...# #hg.# #
##.#..# .o..#
###.###.... ....##
...## ##.### ...###
.#..###.## ..##
.#.#.#...# ..#
##.#.....###.
##>#.......#


You could see Ijyb, a hound, an orc and a kobold.

Vanquished Creatures
  An ogre (D:2)
  An iguana (D:3)
  4 adders
  A shadow imp (D:3)
  2 oozes (D:2)
  A leopard gecko (D:1)
  3 orcs (D:3)
  9 goblins
  11 hobgoblins
  2 quokkas
  2 ball pythons
  11 bats
  3 frilled lizards (D:2)
  8 kobolds
  23 rats
82 creatures vanquished.

Notes
Turn   | Place    | Note
-------+----------+-------------------------------------------
     0 | D:1      | Almogavar the Gargoyle Fighter began the quest for the Orb.
     0 | D:1      | Reached XP level 1. HP: 14/14 MP: 1/1
   574 | D:1      | Reached XP level 2. HP: 18/19 MP: 2/2
   846 | D:2      | Reached XP level 3. HP: 23/23 MP: 3/3
  1194 | D:2      | Reached XP level 4. HP: 27/29 MP: 4/4
  1704 | D:2      | Noticed an ogre
  1714 | D:2      | Killed an ogre
  1715 | D:2      | Reached XP level 5. HP: 33/33 MP: 5/5
  1983 | D:2      | Found a bloodstained altar of Trog.
  2479 | D:3      | Reached XP level 6. HP: 38/38 MP: 6/6
  2754 | D:3      | Noticed Ijyb
  2776 | D:3      | Slain by a hound

Illustrated notes

Levels and vault maps discovered:
D:1:      wander_arrival_desolate, layout_rooms
D:2:      layout_basic, lightli_temple_of_fire, minmay_rat_hole
D:3:      layout_loops_ring, makhleb_blood_cavern_becter, uniq_ijyb

Skill      XL: |  1  2  3  4  5 |
---------------+----------------+-----
Maces & Flails | 3 4 |  4.3
Shields        | 4 |  4.5
Fighting       | 4 |  4.1
Armour         | 4 |  4.1

Action                   |  1- 3 |  4- 6 || total
-------------------------+-------+-------++-------
Melee: Flail             |   122 |   206 ||   328
  Use: Scroll            |     3 |     2 ||     5
       Potion            |       |     1 ||     1
Armor: Scale mail        |    94 |   139 ||   233
Dodge: Dodged            |    52 |    90 ||   142
Block: Kite shield       |    81 |   130 ||   211
